 Dungeon Crawl Stone Soup version 0.29-a0-344-ge2f44be95a (webtiles) character file.

Game seed: 14110948346075212285

26846 Morbidden the Grappler (level 13, 0/120 HPs)
             Began as a Troll Transmuter on Apr 22, 2022.
             Was the Champion of Jiyva.
             Slain by a six-headed hydra (2 damage)
             ... on level 5 of the Lair of Beasts.
             The game lasted 00:28:45 (13276 turns).

Morbidden the Grappler (Troll Transmuter)          Turns: 13276, Time: 00:28:46

Health: 0/120      AC:  8    Str: 25    XL:     13   Next: 1%
Magic:  15/19      EV: 15    Int: 13    God:    Jiyva [******]
Gold:   742        SH:  0    Dex: 12    Spells: 7/21 levels left

rFire   . . .      SeeInvis .     - Unarmed
rCold   . . .      Faith    .   (no shield)
rNeg    . . .      Spirit   .   y - +0 acid dragon scales
rPois   +          Reflect  .   (helmet restricted)
rElec   .          Harm     .   (no cloak)
rCorr   +          Rampage  .   (gloves unavailable)
Will    .....                   (boots unavailable)
Stlth   +.........              (no amulet)
HPRegen 4.30/turn               e - +4 ring of evasion
MPRegen 0.66/turn               h - ring of poison resistance

@: very slightly contaminated, very slow
A: large, unfitting armour, claws 3, regeneration 3, shaggy fur 1, tough skin 1,
agile 1, mutation resistance 2, poison resistance, strong 2, jelly sensing items
a: Renounce Religion, Oozemancy, Slimify


You were on level 5 of the Lair of Beasts.
You worshipped Jiyva.
Jiyva was exalted by your worship.
You visited 3 branches of the dungeon, and saw 17 of its levels.
You also visited: Sewer and Bailey.

You collected 742 gold pieces.

Inventory:

Missiles
 j - 3 silver boomerangs
 m - 5 javelins
 p - 7 poisoned darts
 q - 5 curare-tipped darts (quivered)
 v - 5 boomerangs
Armour
 s - a +1 robe of fire resistance
 y - +0 acid dragon scales (worn)
Jewellery
 e - a +4 ring of evasion (left claw)
 h - a ring of poison resistance (right claw)
 B - a ring of fire
 D - the ring of the Sturgeon {Wiz Str-2 Int+4}
   (You found it on level 2 of the Lair of Beasts)

   [ring of wizardry]

   It improves your spell success rate.
   Str:       It affects your strength (-2).
   Int:       It affects your intelligence (+4).
Wands
 d - a wand of acid (4)
 n - a wand of flame (12)
 x - a wand of iceblast (6)
 G - a wand of polymorph (5)
Scrolls
 c - 11 scrolls of identify
 l - 3 scrolls of enchant weapon
 u - a scroll of amnesia
 A - a scroll of vulnerability
Potions
 a - 2 potions of berserk rage {unknown}
 b - 5 potions of lignification
 f - 3 potions of haste
 g - 2 potions of degeneration {unknown}
 i - 5 potions of curing
 k - a potion of brilliance
 o - a potion of flight {unknown}
 r - 3 potions of magic {unknown}
 t - 4 potions of heal wounds {unknown}
 w - 2 potions of might {unknown}
 z - 2 potions of mutation {unknown}
 E - 3 potions of invisibility
Miscellaneous
 C - a box of beasts (inert)
 F - a piece from Xom's chessboard (15/15)


   Skills:
 * Level 6.1 Fighting
 * Level 5.6 Throwing
 + Level 1.8 Armour
 * Level 6.2 Dodging
 + Level 1.3 Stealth
 * Level 12.5 Unarmed Combat
 * Level 4.9 Spellcasting
 * Level 6.2 Transmutations
 * Level 4.1 Ice Magic
 * Level 2.3 Air Magic
 + Level 3.1 Poison Magic
 * Level 2.0 Evocations


You had 7 spell levels left.
You knew the following spells:

 Your Spells              Type           Power      Damage    Failure   Level
a - Beastly Appendage     Tmut           38%        N/A       1%          1
b - Wereblood             Tmut           19%        N/A       2%          2
c - Spider Form           Tmut/Pois      15%        N/A       10%         3
d - Ice Form              Ice/Tmut       16%        N/A       26%         4
e - Airstrike             Air            4%         N/A       65%         4

Your spell library contained the following spells:

 Spells                   Type           Power      Damage    Failure   Level
 Shock                    Conj/Air       24%        1d4       14%         1
 Summon Small Mammal      Summ           12%        N/A       24%         1
 Swiftness                Air            9%         N/A       26%         3
 Call Canine Familiar     Summ           3%         N/A       56%         3
 Summon Guardian Golem    Hex/Summ       3%         N/A       56%         3
 Orb of Destruction       Conj           1%         9d5       100%        7
 Spellforged Servitor     Conj/Summ      1%         N/A       100%        7


Dungeon Overview and Level Annotations

Branches:
Dungeon (11/15)            Temple (1/1) D:6            Lair (5/6) D:9
  Swamp (0/4) Lair:3        Snake (0/4) Lair:2        Sewer (visited)
 Bailey (visited)
  Slime: Lair:5-6       Orc: D:9-12

Altars:
Ashenzari
Cheibriados
Dithmenos
Elyvilon
Fedhas
Gozag
Hepliaklqana
Kikubaaqudgha
Makhleb
Nemelex Xobeh
Okawaru
Qazlal
Ru
Sif Muna
Trog
Uskayaw
Vehumet
Wu Jian
Xom
Yredelemnul
Zin
The Shining One

Shops:
D:3 *

Portals:
Abyss: D:4

Annotations:
D:4 2 transporters, hemabe1971's ghost, amateur HuAr
D:5 Duvessa
D:11 Erolcha; Gastronok
Lair:1 3 runed translucent doors, ang3lsp1der's ghost, journeyman MiFi
Lair:3 1 runed translucent door


Innate Abilities, Weirdness & Mutations

You are too large for most types of armour.
You have claws for hands.
You regenerate.
You are covered in fur. (AC +1)
You have tough skin. (AC +1)
You are agile. (Dex +2)
You are somewhat resistant to both further mutation and mutation removal.
Your system is resistant to poisons. (rPois)
Your muscles are very strong. (Str +4)
You have a small jelly attached to you that senses nearby items.


Message History

The basilisk dies!
The six-headed hydra bites you! x3
The six-headed hydra bites you but does no damage.
The six-headed hydra bites you.
The six-headed hydra completely misses you.
Your juvenile stingshock beast stings the six-headed hydra from afar.
The six-headed hydra bites you! The six-headed hydra bites you. x2
The six-headed hydra bites you!
The six-headed hydra bites you but does no damage.
The six-headed hydra bites you.
Your juvenile stingshock beast stings the six-headed hydra from afar.
The six-headed hydra bites you! The six-headed hydra bites you.
The six-headed hydra bites you! x2
* * * LOW HITPOINT WARNING * * *
The six-headed hydra bites you!
* * * LOW HITPOINT WARNING * * *
The six-headed hydra bites you.
* * * LOW HITPOINT WARNING * * *
Your juvenile stingshock beast splashes around in the water.
You turn to flesh and can move again.
Unknown command.
Unknown command.
Unknown command.
Unknown command.
Unknown command.
Unknown command.
Unknown command.
Casting: Ice Form (dangerous; 26% risk of failure)
Confirm with . or Enter, or press ? or * to list all spells.
You miscast Ice Form.
You are very lightly contaminated with residual magic.
You feel uncomfortably cold.
* * * LOW HITPOINT WARNING * * *
The six-headed hydra bites you but does no damage.
The six-headed hydra bites you!
* * * LOW HITPOINT WARNING * * *
The six-headed hydra bites you!
* * * LOW HITPOINT WARNING * * *
The six-headed hydra bites you.
You die...

#.≈≈≈≈≈≈≈≈≈≈≈PP♣♣≈.....
##.♣♣≈≈≈≈≈≈≈≈≈≈≈♣P≈P....
#..≈≈P≈≈≈≈≈≈≈≈≈≈♣♣♣.....
..≈≈≈≈≈≈≈≈≈≈≈≈P♣♣≈#....
# .≈P≈≈≈≈≈≈≈≈≈♣≈♣P♣.P...
#..♣♣≈P≈≈≈≈≈≈≈P≈♣♣♣P....
#).≈≈≈≈≈≈≈≈≈≈≈≈≈≈.♣...P.
#..≈P♣≈†≈≈≈≈≈≈≈♣♣......P
#.≈≈PD@♣≈≈≈≈♣≈≈P...#..P
#..P≈≈≈≈≈P≈≈≈≈♣♣.
#.≈≈♣≈≈H≈≈≈≈≈♣≈.
#..#♣♣≈≈P♣≈≈≈≈≈P.# #.
P♣≈≈≈≈≈♣≈P♣≈. #
..P♣≈≈≈≈♣♣≈# #....≈P≈P♣
♣# .... .♣≈♣


You could see a six-headed hydra (ally target) and a friendly juvenile
stingshock beast (summoned).

Vanquished Creatures
  2 vault guards (Bailey)
  A hydra (Lair:2)
  2 two-headed ogres
  Pikel (D:7)
  3 black mambas
  An elephant (Lair:2)
  A rime drake (Lair:3)
  8 cane toads
  9 komodo dragons
  2 polar bears (Lair:2)
  Prince Ribbit (Bailey)
  A hornet (D:9)
  Grinder (D:4)
  10 blink frogs
  Sigmund (D:5)
  A centaur simulacrum (D:10)
  A spriggan (D:8)
  7 wyverns
  19 yaks
  A wraith (D:10)
  A vampire (D:10)
  4 basilisks
  Eustachio (D:6)
  3 steam dragons
  4 humans (Bailey)
  A vampire mosquito (D:10)
  An acid dragon (D:9)
  13 water moccasins
  3 orc warriors
  2 ice beasts
  2 sky beasts
  4 black bears
  15 wolves
  A phantom (D:7)
  A kobold brigand (D:10)
  Blork the orc (D:5)
  22 bullfrogs
  3 scorpions
  2 necrophages (D:6)
  5 wights
  Dowan (D:5)
  3 killer bees (D:10)
  3 howler monkeys (D:8)
  7 electric eels
  A jelly (Sewer)
  10 orc priests
  3 hounds (D:4)
  Terence (D:2)
  4 iguanas
  7 orc wizards
  Robin (D:2)
  2 gnolls (Bailey)
  9 adders
  A shadow imp (D:7)
  A white imp (D:5)
  An ufetubus (D:5)
  3 worms
  2 dart slugs
  27 orcs
  10 ball pythons
  4 bats
  12 endoplasms
  11 giant cockroaches
  18 goblins
  6 hobgoblins
  4 jackals (D:2)
  5 quokkas
  6 frilled lizards
  6 kobolds
  6 rats
337 creatures vanquished.

Vanquished Creatures (collateral kills)
  A hydra (Lair:3)
  A komodo dragon (Lair:3)
  3 yaks (Lair:3)
  A basilisk (Lair:5)
6 creatures vanquished.

Vanquished Creatures (others)
  A polar bear (Lair:2)
  An orc warrior (D:7)
  A black bear (D:6)
  A centaur (D:6)
  4 bullfrogs
  A wight (D:7)
  22 jellies
  An adder (D:6)
  3 orcs (D:7)
  2 goblins (Bailey)
  A frilled lizard (Sewer)
  33 fungi
  70 plants
141 creatures vanquished.

Grand Total: 484 creatures vanquished

Notes
Turn   | Place    | Note
-------+----------+-------------------------------------------
     0 | D:1      | Morbidden the Troll Transmuter began the quest for the Orb.
     0 | D:1      | Reached XP level 1. HP: 18/18 MP: 1/1
    97 | D:1      | Reached XP level 2. HP: 23/26 MP: 3/3
   166 | D:1      | Reached skill level 1 in Fighting
   436 | D:1      | Found a faded altar of an unknown god.
   637 | D:1      | Reached XP level 3. HP: 31/33 MP: 4/4
   721 | D:2      | Learned a level 2 spell: Wereblood
   738 | D:2      | Noticed Robin
   768 | D:2      | Killed Robin
   944 | D:2      | Noticed Terence
   955 | D:2      | Killed Terence
   956 | D:2      | Reached XP level 4. HP: 41/41 MP: 1/5
   996 | D:2      | Learned a level 3 spell: Spider Form
  1863 | D:3      | Found Vani's General Store.
  1893 | D:3      | Identified the +0 pair of boots of Relativism {-Cast rN+
                  | Will+++ rCorr}
  2327 | D:4      | Found a glowing silver altar of Zin.
  2338 | D:4      | Reached XP level 5. HP: 45/48 MP: 2/6
  2388 | D:4      | Reached skill level 4 in Unarmed Combat
  2423 | D:4      | Noticed Grinder
  2426 | D:4      | Paralysed by Grinder for 2 turns
  2430 | D:4      | Paralysed by Grinder for 2 turns
  2439 | D:4      | Killed Grinder
  2440 | D:4      | Reached XP level 6. HP: 57/57 MP: 5/8
  2720 | D:4      | Reached skill level 1 in Poison Magic
  3026 | D:4      | Found a transporter.
  3045 | D:4      | Found a transporter.
  3058 | D:4      | Noticed a small abomination
  3065 | D:4      | Found a one-way gate to the infinite horrors of the Abyss.
  3065 | D:4      | Noticed hemabe1971's ghost (amateur HuAr)
  3639 | D:5      | Entered Level 5 of the Dungeon
  3642 | D:5      | Noticed Dowan
  3767 | D:5      | Reached XP level 7. HP: 65/65 MP: 9/9
  3866 | D:5      | Killed Dowan
  3867 | D:5      | Reached skill level 1 in Throwing
  4077 | D:5      | Noticed Sigmund
  4087 | D:5      | Killed Sigmund
  4088 | D:5      | Reached skill level 5 in Unarmed Combat
  4096 | D:5      | Noticed Blork the orc
  4103 | D:5      | Killed Blork the orc
  4536 | D:5      | Reached XP level 8. HP: 52/74 MP: 11/11
  4741 | D:5      | Noticed Duvessa
  4841 | D:6      | Noticed Eustachio
  4865 | D:6      | Found a staircase to the Ecumenical Temple.
  4866 | D:6      | Killed Eustachio
  4878 | Temple   | Entered the Ecumenical Temple
  5020 | D:6      | Found a glowing drain.
  5028 | Sewer    | Entered a sewer
  5147 | Sewer    | Learned a level 4 spell: Ice Form
  5297 | Sewer    | Reached skill level 6 in Unarmed Combat
  5300 | Sewer    | Found a viscous altar of Jiyva.
  5311 | Sewer    | Became a worshipper of Jiyva Juwyfic the Shapeless
  5666 | D:6      | Reached * piety under Jiyva
  5786 | D:6      | Found a shimmering blue altar of Sif Muna.
  5968 | D:6      | Found a burning altar of Makhleb.
  5975 | D:6      | Found a glowing golden altar of the Shining One.
  6081 | D:7      | Noticed Pikel
  6092 | D:7      | Killed Pikel
  6093 | D:7      | Reached skill level 1 in Ice Magic
  6093 | D:7      | Reached XP level 9. HP: 69/83 MP: 13/13
  6148 | D:7      | Identified the +1 scimitar "Huacifog" {vorpal, rElec Str+4
                  | Int-2}
  6245 | D:7      | Reached ** piety under Jiyva
  6273 | D:7      | Reached skill level 7 in Unarmed Combat
  6976 | D:8      | Identified the +5 trident of the Ancients {holy, *Corrode
                  | rF++}
  7440 | D:9      | Found a staircase to the Lair.
  7441 | D:9      | Found a flagged portal.
  7450 | Bailey   | Entered a bailey
  7524 | Bailey   | Reached *** piety under Jiyva
  7534 | Bailey   | Reached XP level 10. HP: 80/92 MP: 11/14
  7576 | Bailey   | Reached skill level 8 in Unarmed Combat
  7603 | Bailey   | Noticed Prince Ribbit
  7603 | Bailey   | Noticed a vault guard
  7646 | Bailey   | Killed a vault guard
  7653 | Bailey   | Killed Prince Ribbit
  7704 | Bailey   | Noticed a vault guard
  7722 | Bailey   | Killed a vault guard
  7723 | Bailey   | Reached skill level 5 in Transmutations
  7782 | D:9      | Reached skill level 9 in Unarmed Combat
  7786 | D:9      | Found a snail-covered altar of Cheibriados.
  7867 | D:9      | Found a hide-covered altar of Uskayaw.
  8077 | D:10     | Entered Level 10 of the Dungeon
  8093 | D:10     | Reached XP level 11. HP: 62/101 MP: 16/16
  8449 | D:9      | Gained mutation: You have a small jelly attached to you
                  | that senses nearby items. [Jiyva's grace]
  8449 | D:9      | Gained mutation: Your muscles are strong. (Str +2) [Jiyva's
                  | grace]
  8449 | D:9      | Gained mutation: Your muscles are very strong. (Str +4)
                  | [Jiyva's grace]
  8449 | D:9      | Gained mutation: You have supernaturally acute eyesight.
                  | (SInv) [Jiyva's grace]
  8512 | D:10     | Noticed a two-headed ogre
  8523 | D:10     | Killed a two-headed ogre
  8601 | D:10     | Reached skill level 5 in Dodging
  9030 | D:10     | Found a hazy altar of Hepliaklqana.
  9082 | D:11     | Noticed a two-headed ogre
  9091 | D:11     | Killed a two-headed ogre
  9093 | D:11     | Reached **** piety under Jiyva
  9141 | D:11     | Noticed Erolcha
  9143 | D:11     | Noticed Gastronok
  9205 | Lair:1   | Entered Level 1 of the Lair of Beasts
  9269 | Lair:1   | Reached skill level 5 in Throwing
  9313 | Lair:1   | Reached skill level 10 in Unarmed Combat
  9355 | Lair:1   | Learned a level 4 spell: Airstrike
  9376 | Lair:1   | Reached skill level 5 in Fighting
  9681 | Lair:1   | Reached ***** piety under Jiyva
  9770 | Lair:1   | Lost mutation: You have supernaturally acute eyesight.
                  | (SInv) [Jiyva's grace]
  9770 | Lair:1   | Lost mutation: You have a small jelly attached to you that
                  | senses nearby items. [Jiyva's grace]
  9770 | Lair:1   | Gained mutation: You have a small jelly attached to you
                  | that senses nearby items. [Jiyva's grace]
  9770 | Lair:1   | Gained mutation: You are somewhat resistant to further
                  | mutation. [Jiyva's grace]
  9770 | Lair:1   | Gained mutation: You are somewhat resistant to both further
                  | mutation and mutation removal. [Jiyva's grace]
  9770 | Lair:1   | Gained mutation: You are almost entirely resistant to
                  | further mutation and mutation removal. [Jiyva's grace]
  9802 | Lair:1   | Found a runed translucent gate.
  9802 | Lair:1   | Found a runed translucent gate.
  9803 | Lair:1   | Found a runed translucent gate.
  9804 | Lair:1   | Noticed ang3lsp1der's ghost (journeyman MiFi)
 10263 | Lair:2   | Noticed a five-headed hydra
 10276 | Lair:2   | Killed a five-headed hydra
 10277 | Lair:2   | Reached skill level 1 in Armour
 10287 | Lair:2   | Identified the ring of the Sturgeon {Wiz Str-2 Int+4}
 10632 | Lair:2   | Reached skill level 11 in Unarmed Combat
 10632 | Lair:2   | Reached XP level 12. HP: 111/111 MP: 17/17
 10973 | Lair:2   | Reached skill level 1 in Air Magic
 11013 | Lair:2   | Found a staircase to the Snake Pit.
 11421 | Lair:3   | Reached skill level 1 in Stealth
 11462 | Lair:3   | Noticed a seven-headed hydra
 11678 | Lair:3   | Reached skill level 1 in Evocations
 11737 | Lair:3   | Found a staircase to the Swamp.
 11830 | Lair:3   | Killed a seven-headed hydra
 11870 | Lair:3   | Found a runed translucent door.
 11872 | Lair:3   | Noticed a four-headed hydra
 12201 | Lair:3   | Lost mutation: You are almost entirely resistant to further
                  | mutation and mutation removal. [Jiyva's grace]
 12201 | Lair:3   | Gained mutation: You heal very quickly. [Jiyva's grace]
 12201 | Lair:3   | Gained mutation: You regenerate. [Jiyva's grace]
 12201 | Lair:3   | Gained mutation: Your system is resistant to poisons.
                  | (rPois) [Jiyva's grace]
 12201 | Lair:3   | Gained mutation: You are agile. (Dex +2) [Jiyva's grace]
 12223 | Lair:3   | Reached ****** piety under Jiyva
 12642 | Lair:4   | Found a shimmering altar of Xom.
 12759 | Lair:4   | Reached skill level 12 in Unarmed Combat
 13243 | Lair:5   | Reached XP level 13. HP: 120/120 MP: 19/19
 13276 | Lair:5   | HP: 2/120 [six-headed hydra (11)]
 13276 | Lair:5   | Slain by a six-headed hydra

Illustrated notes

Levels and vault maps discovered:
D:1:      dpeg_arrival_solitude, layout_basic,
          shapermc_ecumenical_altar_mp_vishouse
D:2:      layout_basic, uniq_robin, uniq_terence
D:3:      layout_basic, serial_shops, nicolae_shop_stone, bh_walls_and_bars
D:4:      layout_layer_cave, mainiacjoe_overflow_tiny_flanked,
          gammafunk_ghost_abyssal_escape, uniq_grinder
D:5:      layout_cave_pods, uniq_sigmund, uniq_blork_the_orc, uniq_duvessa
D:6:      layout_loops_cross, old_standard_altar,
          amethyst_overflow_temple_binary,
          minmay_temple_entry_statues_fountains, serial_glass, glass_columns_a,
          glass_columns_a, glass_columns_b, glass_columns_a, glass_columns_a,
          glass_columns_b, glass_columns_a, glass_columns_a,
          portal_sewer_entry_e, uniq_eustachio
D:7:      layout_cave_pools, uniq_pikel
D:8:      layout_rooms, serial_co_window_serial, co_window_paths_a,
          co_window_paths_a, co_window_corner_a, co_window_paths_b,
          co_window_corner_a, co_window_paths_c, co_window_of_opportunity_b,
          co_window_corner_ca, co_window_broadway_b, co_window_4corner_b,
          co_window_4corner_a, glass_columns_b, glass_columns_c, the_hattery
D:9:      layout_cave_pools, cheibriados_altar_1, kennysheep_mini_moat,
          minmay_lair_entry_grove, enter_bailey_2
D:10:     layout_roguey, marbit_many_paths
D:11:     minmay_the_grid_square_5x5_3x3 [minmay_the_grid_square_5x5_two_small,
          minmay_the_grid_square_5x5_forky, minmay_the_grid_square_5x5_fat_x,
          minmay_the_grid_square_5x5_doubleslash,
          minmay_the_grid_square_5x5_megaprize_hollow,
          minmay_the_grid_square_5x5_meh, minmay_the_grid_square_5x5_n_small,
          minmay_the_grid_square_5x5_shrine2,
          minmay_the_grid_square_5x5_shuriken], layout_cave_pools, uniq_erolcha,
          uniq_erica, uniq_gastronok
Temple:   eino_wide_crystal_templ
Lair:1:   layout_hall_layers, ebering_ghost_rock_garden, serial_bayou_shore_b
Lair:2:   nzn_winding_woodlands_stair_trap [nzn_winding_woodlands_5x15_sawtooth,
          nzn_winding_woodlands_5x15_parted, nzn_winding_woodlands_5x15_crooked,
          nzn_winding_woodlands_15x15_eel_pit,
          nzn_winding_woodlands_5x15_garden, nzn_winding_woodlands_5x15_eye,
          nzn_winding_woodlands_5x15_twine], layout_small_grid,
          cheibrodos_lair_lostbears
Lair:3:   layout_cave_pods, swamp_mist_pool, pf_torpor_hydra, grunt_megastairs_3
Lair:4:   layout_big_grid, basic_altar
Lair:5:   layout_hall_layers, grunt_forest_stairs_basic, serial_bayou_lake_a

Skill      XL: |  1  2  3  4  5  6  7  8  9 10 11 12 |
---------------+-------------------------------------+-----
Fighting       | 1 2 3 4 5 6 |  6.1
Dodging        | 2 3 4 5 6 |  6.2
Transmutations | 2 3 4 5 6 |  6.2
Unarmed Combat | 4 5 6 7 9 11 12 | 12.5
Spellcasting   | 2 3 4 |  4.9
Poison Magic   | 1 2 3 |  3.1
Throwing       | 1 3 4 5 |  5.6
Ice Magic      | 1 2 3 4 |  4.1
Armour         | 1 |  1.8
Air Magic      | 2 |  2.3
Stealth        | 1 |  1.3
Evocations     | 2 |  2.0

Action                   |  1- 3 |  4- 6 |  7- 9 | 10-12 | 13-15 || total
-------------------------+-------+-------+-------+-------+-------++-------
Melee: Unarmed           |    95 |    90 |   313 |   615 |     6 ||  1119
       Kick              |     7 |     5 |    13 |     3 |       ||    28
       Headbutt          |     3 |     3 |    12 |     3 |       ||    21
       Punch             |     1 |     1 |     4 |     9 |       ||    15
Throw: Boomerang         |       |    11 |     6 |     4 |       ||    21
       Dart              |       |       |     5 |     3 |       ||     8
 Cast: Beastly Appendage |    10 |    20 |    24 |     6 |       ||    60
       Wereblood         |     3 |     8 |     5 |     1 |       ||    17
       Spider Form       |       |       |    27 |    33 |       ||    60
       Ice Form          |       |       |       |    16 |       ||    16
Invok: Oozemancy         |       |       |       |     1 |       ||     1
Evoke: Wand              |       |       |       |    11 |       ||    11
       Box of beasts     |       |       |       |       |     1 ||     1
  Use: Scroll            |       |     8 |     4 |     6 |       ||    18
       Potion            |       |       |       |     2 |       ||     2
 Stab: Sleeping          |     1 |       |     1 |     1 |       ||     3
Armor: Robe              |    33 |    21 |    24 |    15 |       ||    93
       Skin              |       |       |     7 |    57 |     2 ||    66
       Acid dragon scale |       |       |       |    32 |    12 ||    44
Dodge: Dodged            |    35 |    47 |   211 |   673 |     8 ||   974

Table legend: (Time is in decaauts)
 A = Elapsed time spent in this place.
 B = Non-inter-level travel time spent in this place.
 C = Inter-level travel time spent in this place.
 D = Time resting spent in this place.
 E = Time spent auto-exploring this place.
 F = Levels seen in this place.
 G = Mean time per level.
                   A        B        C        D        E       F      G
               +--------+--------+--------+--------+--------+-----+--------+
         Total |  13144 |  12639 |    505 |    622 |   8695 |  19 |  691.8 |
       Dungeon |   8481 |   8093 |    388 |    517 |   5666 |  11 |  771.0 |
        Temple |     39 |     32 |      7 |      0 |      0 |   1 |   39.0 |
          Lair |   3966 |   3857 |    109 |     47 |   2771 |   5 |  793.2 |
         Sewer |    376 |    376 |      0 |      0 |    257 |   1 |  376.0 |
        Bailey |    280 |    280 |      0 |     58 |      0 |   1 |  280.0 |
               +--------+--------+--------+--------+--------+-----+--------+

Top non-repeatable levels by time:
     D:4: 1310 daAuts
  Lair:2: 1226 daAuts
     D:5: 1131 daAuts
  Lair:3: 1068 daAuts
  Lair:1: 962 daAuts
     D:8: 945 daAuts
     D:3: 857 daAuts
     D:6: 832 daAuts
     D:2: 757 daAuts
    D:10: 715 daAuts
     D:1: 703 daAuts
     D:9: 672 daAuts
     D:7: 471 daAuts
  Lair:4: 456 daAuts
   Sewer: 376 daAuts
